ABL
EAST SYDNEY ROOSTERS @ MELBOURNE DEMONS
07/13/2022
 
TOP OF THE 1ST
East Sydney Roosters batting - Pitching for Melbourne Demons : RHP Matthew Adam
Pitching: RHP Matthew Adam
Batting: RHB Irving Dorset 0-0: Called Strike
0-1: Ball
1-1: Fly out, F8 (Flyball, 8RXD, EV 96.9 MPH)
Batting: LHB Kole Hancock 0-0: DOUBLE (Line Drive, 7LS, EV 111.9 MPH)
Batting: SHB Daren Simmons 0-0: Ball
1-0: Called Strike
1-1: Ball
2-1: Foul Ball, location: 7LSF
2-2: Ball
3-2: Ground out 3-1 (Groundball, 34, EV 86.3 MPH)
Kole Hancock to third
Batting: LHB Tal-hun Uhm 0-0: Ball
1-0: Foul Ball, location: 3F
1-1: Ball
2-1: Swinging Strike
2-2: Ball
3-2: Foul Ball, location: 7LMF
3-2: Ground out 6-3 (Groundball, 6, EV 91.9 MPH)
Top of the 1st over - 0 runs, 1 hit, 0 errors, 1 left on base; East Sydney 0 - Melbourne 0
BOTTOM OF THE 1ST
Melbourne Demons batting - Pitching for East Sydney Roosters : RHP Ron Anderson
Pitching: RHP Ron Anderson
Batting: RHB Colin Fraser 0-0: Ball
1-0: Ball
2-0: Called Strike
2-1: Foul Ball, location: 2F
2-2: Strikes out swinging
Batting: RHB Everton Leaper 0-0: Ground out U3 (Groundball, 34, EV 110.0 MPH)
Batting: RHB Les Davies 0-0: Called Strike
0-1: Ball
1-1: Called Strike
1-2: Fly out, F8 (Flyball, 8LD, EV 93.8 MPH)
Bottom of the 1st over - 0 runs, 0 hits, 0 errors, 0 left on base; East Sydney 0 - Melbourne 0
TOP OF THE 2ND
East Sydney Roosters batting - Pitching for Melbourne Demons : RHP Matthew Adam
Batting: LHB Cristian Trewhella 0-0: Ball
1-0: Foul Ball, location: 7LMFF
1-1: Ball
2-1: Ball
3-1: Base on Balls
Batting: RHB Tommie Milsom 0-0: Called Strike
0-1: Ball
1-1: Called Strike
1-2: Ball
2-2: Foul Ball, location: 2F
2-2: Ball
3-2: Fielders Choice at 2nd, 6-4 (Groundball, 6, EV 92.5 MPH)
Batting: RHB Joel Nicholson 0-0: Called Strike
0-1: Ball
1-1: SINGLE (Line Drive, 7S, EV 107.5 MPH)
Tommie Milsom to second
Batting: RHB Adrian Maccley 0-0: Ball
1-0: Ball
2-0: Ball
3-0: Called Strike
3-1: Fly out, F8 (Flyball, 8RS, EV 91.3 MPH)
Batting: RHB Ron Anderson 0-0: Called Strike
0-1: Ball
1-1: Fly out, F7 (Flyball, 7D, EV 106.3 MPH)
Top of the 2nd over - 0 runs, 1 hit, 0 errors, 2 left on base; East Sydney 0 - Melbourne 0
BOTTOM OF THE 2ND
Melbourne Demons batting - Pitching for East Sydney Roosters : RHP Ron Anderson
Batting: SHB Keary Aves 0-0: Ball
1-0: Ball
2-0: Ball
3-0: Base on Balls
Batting: RHB Arran Stalker 0-0: Called Strike
0-1: Foul Ball, location: 5DF
0-2: Foul Ball, location: 2F
0-2: SINGLE (Groundball, 4MD, EV 108.8 MPH)
Keary Aves to second
Batting: RHB Leon Mortimer 0-0: Called Strike
0-1: Fielders Choice at 2nd, 5-4 (Groundball, 56, EV 86.3 MPH)
Keary Aves to third
Batting: RHB Jose Ruiz 0-0: Ball
Leon Mortimer steals 2nd base (no throw)
1-0: Ball
2-0: Called Strike
2-1: Fielders Choice at home, 4-2 (Groundball, 34, EV 83.1 MPH)
Leon Mortimer to third
Batting: RHB Bob Kirk 0-0: Ground out 5-3 (Groundball, 15, EV 86.9 MPH)
Bottom of the 2nd over - 0 runs, 1 hit, 0 errors, 2 left on base; East Sydney 0 - Melbourne 0
TOP OF THE 3RD
East Sydney Roosters batting - Pitching for Melbourne Demons : RHP Matthew Adam
Batting: RHB Irving Dorset 0-0: Called Strike
0-1: Called Strike
0-2: Ball
1-2: Ball
2-2: Strikes out swinging
Batting: LHB Kole Hancock 0-0: Ball
1-0: Ball
2-0: Called Strike
2-1: Foul Ball, location: 25FF
2-2: Fly out, F7 (Flyball, 7, EV 88.8 MPH)
Batting: SHB Daren Simmons 0-0: Foul Ball, location: 2F
0-1: SINGLE (Groundball, 4D, EV 108.8 MPH)
Batting: LHB Tal-hun Uhm 0-0: Ball
1-0: Foul Ball, location: 3F
1-1: Ball
2-1: Swinging Strike
2-2: Ball
3-2: Strikes out swinging
Top of the 3rd over - 0 runs, 1 hit, 0 errors, 1 left on base; East Sydney 0 - Melbourne 0
BOTTOM OF THE 3RD
Melbourne Demons batting - Pitching for East Sydney Roosters : RHP Ron Anderson
Batting: RHB Matthew Adam 0-0: Foul Ball, location: 2F
0-1: Foul Ball, location: 2F
0-2: Ball
1-2: Strikes out swinging
Batting: RHB Colin Fraser 0-0: Called Strike
0-1: Ball
1-1: Foul Ball, location: 2F
1-2: Ball
2-2: Foul Ball, location: 2F
2-2: Foul Ball, location: 2F
2-2: Fly out, F8 (Flyball, 89M, EV 91.9 MPH)
Batting: RHB Everton Leaper 0-0: Called Strike
0-1: Fly out, F4 (Popup, 4MD, EV 69.4 MPH)
Bottom of the 3rd over - 0 runs, 0 hits, 0 errors, 0 left on base; East Sydney 0 - Melbourne 0
TOP OF THE 4TH
East Sydney Roosters batting - Pitching for Melbourne Demons : RHP Matthew Adam
Batting: LHB Cristian Trewhella 0-0: Ground out 2-3 (Groundball, 2R, EV 71.3 MPH)
Batting: RHB Tommie Milsom 0-0: Ball
1-0: Fly out, F7 (Flyball, 7D, EV 83.1 MPH)
Batting: RHB Joel Nicholson 0-0: Swinging Strike
0-1: Foul Ball, location: 2F
0-2: Ball
1-2: Fly out, F8 (Flyball, 8LD, EV 89.4 MPH)
Top of the 4th over - 0 runs, 0 hits, 0 errors, 0 left on base; East Sydney 0 - Melbourne 0
BOTTOM OF THE 4TH
Melbourne Demons batting - Pitching for East Sydney Roosters : RHP Ron Anderson
Batting: RHB Les Davies 0-0: Ball
1-0: Called Strike
1-1: Called Strike
1-2: Ball
2-2: Fly out, F8 (Flyball, 89S, EV 83.8 MPH)
Batting: SHB Keary Aves 0-0: Called Strike
0-1: Ball
1-1: Fly out, F8 (Flyball, 78D, EV 88.8 MPH)
Batting: RHB Arran Stalker 0-0: Ball
1-0: Ball
2-0: Ball
3-0: Called Strike
3-1: Swinging Strike
3-2: SINGLE (Groundball, 4MD, EV 106.3 MPH)
Batting: RHB Leon Mortimer 0-0: DOUBLE (Line Drive, 9LM, EV 105.0 MPH)
Arran Stalker to third
Batting: RHB Jose Ruiz 0-0: Ground out 5-3 (Groundball, 56, EV 83.8 MPH)
Bottom of the 4th over - 0 runs, 2 hits, 0 errors, 2 left on base; East Sydney 0 - Melbourne 0
TOP OF THE 5TH
East Sydney Roosters batting - Pitching for Melbourne Demons : RHP Matthew Adam
Batting: RHB Adrian Maccley 0-0: Foul Ball, location: 23F
0-1: Ball
1-1: Swinging Strike
1-2: Foul Ball, location: 9LDF
1-2: Ground out 6-3 (Groundball, 6MS, EV 75.0 MPH)
Batting: RHB Ron Anderson 0-0: Called Strike
0-1: Called Strike
0-2: Strikes out looking
Batting: RHB Irving Dorset 0-0: Ball
1-0: SINGLE (Line Drive, 9LS, EV 110.6 MPH)
Batting: LHB Kole Hancock 0-0: Ball
1-0: Called Strike
1-1: Foul Ball, location: 2RF
1-2: Fly out, F9 (Flyball, 9LS, EV 81.3 MPH)
Top of the 5th over - 0 runs, 1 hit, 0 errors, 1 left on base; East Sydney 0 - Melbourne 0
BOTTOM OF THE 5TH
Melbourne Demons batting - Pitching for East Sydney Roosters : RHP Ron Anderson
Batting: RHB Bob Kirk 0-0: Ball
1-0: Ground out 6-3 (Groundball, 6, EV 80.0 MPH)
Batting: RHB Matthew Adam 0-0: Foul Ball, location: 2F
0-1: Fly out, F9 (Flyball, 89S, EV 79.4 MPH)
Batting: RHB Colin Fraser 0-0: Fly out, F8 (Flyball, 8LXD, EV 106.9 MPH)
Bottom of the 5th over - 0 runs, 0 hits, 0 errors, 0 left on base; East Sydney 0 - Melbourne 0
TOP OF THE 6TH
East Sydney Roosters batting - Pitching for Melbourne Demons : RHP Matthew Adam
Batting: SHB Daren Simmons 0-0: Swinging Strike
0-1: Ball
1-1: Foul Ball, location: 3FF
1-2: Ball
2-2: Strikes out looking
Batting: LHB Tal-hun Uhm 0-0: Called Strike
0-1: Ball
1-1: Called Strike
1-2: Ball
2-2: Ball
3-2: Fly out, F9 (Flyball, 89M, EV 98.1 MPH)
Batting: LHB Cristian Trewhella 0-0: Ball
1-0: Ball
2-0: Ball
3-0: Swinging Strike
3-1: Called Strike
3-2: Ground out 4-3 (Groundball, 4S, EV 81.3 MPH)
Top of the 6th over - 0 runs, 0 hits, 0 errors, 0 left on base; East Sydney 0 - Melbourne 0
BOTTOM OF THE 6TH
Melbourne Demons batting - Pitching for East Sydney Roosters : RHP Ron Anderson
Batting: RHB Everton Leaper 0-0: Ball
1-0: Ball
2-0: Fly out, F5 (Line Drive, 56, EV 93.8 MPH)
Batting: RHB Les Davies 0-0: Ball
1-0: Foul Ball, location: 5F
1-1: Ball
2-1: Foul Ball, location: 9LSF
2-2: Ball
3-2: Foul Ball, location: 3FF
3-2: Strikes out swinging
Batting: SHB Keary Aves 0-0: Ball
1-0: Ball
2-0: Foul Ball, location: 2F
2-1: Ball
3-1: Base on Balls
Batting: RHB Arran Stalker 0-0: Ball
1-0: Ball
2-0: Called Strike
2-1: Foul Ball, location: 2F
2-2: Foul Ball, location: 9LMF
2-2: Ground out 4-3 (Groundball, 4, EV 84.4 MPH)
Bottom of the 6th over - 0 runs, 0 hits, 0 errors, 1 left on base; East Sydney 0 - Melbourne 0
TOP OF THE 7TH
East Sydney Roosters batting - Pitching for Melbourne Demons : RHP Matthew Adam
Batting: RHB Tommie Milsom 0-0: DOUBLE (Line Drive, 7LD, EV 100.6 MPH)
Batting: RHB Joel Nicholson 0-0: Ball
1-0: Ground out 4-3 (Groundball, 4MD, EV 95.6 MPH)
Batting: RHB Adrian Maccley 0-0: Fly out, F7 (Line Drive, 78D, EV 90.0 MPH)
Batting: RHB Ron Anderson 0-0: Ball
1-0: Called Strike
1-1: Foul Ball, location: 9LSF
1-2: Ground out 3-1 (Groundball, 34, EV 101.3 MPH)
Top of the 7th over - 0 runs, 1 hit, 0 errors, 1 left on base; East Sydney 0 - Melbourne 0
BOTTOM OF THE 7TH
Melbourne Demons batting - Pitching for East Sydney Roosters : RHP Ron Anderson
Batting: RHB Leon Mortimer 0-0: Ball
1-0: Ball
2-0: Called Strike
2-1: Ground out 6-3 (Groundball, 6, EV 98.1 MPH)
Batting: RHB Jose Ruiz 0-0: Foul Ball, location: 23F
0-1: Ball
1-1: Called Strike
1-2: Ball
2-2: Ball
3-2: Base on Balls
Batting: RHB Bob Kirk 0-0: Ball
1-0: Called Strike
1-1: Foul Ball, location: 7LMF
1-2: Foul Ball, location: 9LDF
1-2: Strikes out looking
Batting: RHB Matthew Adam 0-0: Called Strike
0-1: Ball
1-1: Swinging Strike
1-2: Ball
2-2: Strikes out swinging
Bottom of the 7th over - 0 runs, 0 hits, 0 errors, 1 left on base; East Sydney 0 - Melbourne 0
TOP OF THE 8TH
East Sydney Roosters batting - Pitching for Melbourne Demons : RHP Matthew Adam
Pitching: RHP Kylan Anlezark
Batting: RHB Irving Dorset 0-0: Ball
1-0: Foul Ball, location: 25F
1-1: Foul Ball, location: 3DF
1-2: Fly out, F8 (Flyball, 78D, EV 80.6 MPH)
Batting: LHB Kole Hancock 0-0: SINGLE (Line Drive, 78S, EV 90.6 MPH)
Batting: SHB Daren Simmons 0-0: Ball
1-0: Ball
2-0: Called Strike
2-1: Fielders Choice at 2nd, 4-6 (Groundball, 4, EV 88.1 MPH)
Batting: LHB Tal-hun Uhm 0-0: Ball
1-0: Foul Ball, location: 2F
1-1: Fly out, F9 (Flyball, 89M, EV 80.6 MPH)
Top of the 8th over - 0 runs, 1 hit, 0 errors, 1 left on base; East Sydney 0 - Melbourne 0
BOTTOM OF THE 8TH
Melbourne Demons batting - Pitching for East Sydney Roosters : RHP Ron Anderson
Batting: RHB Colin Fraser 0-0: Called Strike
0-1: Ball
1-1: Swinging Strike
1-2: SINGLE (Flyball, 56D, EV 88.8 MPH)
Pitching: RHP Derick Wells
Batting: RHB Everton Leaper 0-0: Ball
1-0: Ball
2-0: Ball
3-0: DOUBLE (Line Drive, 3D, EV 93.8 MPH)
Colin Fraser to third
Batting: RHB Les Davies 0-0: Ball
1-0: Ball
2-0: Called Strike
2-1: Swinging Strike
2-2: Ball
3-2: Fly out, F8 (Flyball, 8RXD, EV 111.3 MPH)
Runner from 3rd tags up, SCORES, no throw by CF
Everton Leaper to third
Batting: SHB Keary Aves 0-0: Intentional Walk
Batting: RHB Arran Stalker 0-0: Ball
1-0: Ball
2-0: Ball
3-0: Called Strike
3-1: SINGLE (Line Drive, 8RS, EV 103.8 MPH)
Everton Leaper scores
Keary Aves to second
Batting: RHB Leon Mortimer 0-0: Ball
1-0: Fly out, F3 (Line Drive, 3, EV 71.3 MPH)
Batting: RHB Jose Ruiz 0-0: Ball
1-0: Foul Ball, location: 2F
1-1: Foul Ball, location: 2F
1-2: Strikes out swinging
Bottom of the 8th over - 2 runs, 3 hits, 0 errors, 2 left on base; East Sydney 0 - Melbourne 2
TOP OF THE 9TH
East Sydney Roosters batting - Pitching for Melbourne Demons : RHP Kylan Anlezark
Pitching: LHP Norm Riethmuller
Now in RF: Willie Monroe
Batting: LHB Cristian Trewhella 0-0: Called Strike
0-1: Fly out, F3 (Popup, 3S, EV 71.3 MPH)
Batting: RHB Tommie Milsom 0-0: Ball
1-0: Called Strike
1-1: Ground out 4-3 (Groundball, 34, EV 109.4 MPH)
Batting: RHB Joel Nicholson 0-0: Ball
1-0: SINGLE (Line Drive, 4MD, EV 97.5 MPH)
Batting: RHB Adrian Maccley 0-0: Called Strike
0-1: Called Strike
0-2: Ball
1-2: Strikes out swinging
Top of the 9th over - 0 runs, 1 hit, 0 errors, 1 left on base; East Sydney 0 - Melbourne 2
Saturday, May 4th , 2024 - OOTP Baseball 24.9 Build 80